AoeStats
← kenagustin1990

Baltic

511584294Analyzed
2v2 RM · 10d ago on Oct 5, 2026· 39m 34s· 4 players
Game mode
Random Map
Map size
Medium (4 player)
Population
200
Speed
Normal
Resources
Standard
Victory
Conquest
Starting age
Dark Age
Ending age
Imperial Age
RankedLock teamsTeams togetherTeam positionsShared explorationLock speedFull tech treeHidden civsTurbo modeCheats
Victory
Defeat
🇪🇸 Portuguese · Spain
1204
+14
🇪🇸 Franks · Spain
1116
+18
vs
🇨🇭 Khitans · Switzerland
1302
-22
🇦🇷 Byzantines · Argentina
1014
-10
kenagustin1990
8:38 Loom
10:33 Feudal Age
17:38 Castle Age
16:05 Double-Bit Axe
17:33 Horse Collar
26:18 Fortified Wall
27:10 Heavy Plow
28:22 Forging
28:47 Scale Barding Armor
Pancho
7:03 Loom
13:22 Feudal Age
14:17 Double-Bit Axe
15:31 Domestication
22:42 Castle Age
22:02 Fishing Lines
22:40 Fletching
22:45 Gold Mining
23:35 Bow Saw
23:56 Bodkin Arrow
26:02 Stone Mining
31:39 Imperial Age
31:03 Scale Barding Armor
31:21 Forging
35:37 Pastoralism
38:26 Chain Barding Armor
39:26 Husbandry
Stihl
10:46 Feudal Age
12:44 Double-Bit Axe
15:24 Castle Age
16:03 Forging
17:25 Scale Mail Armor
19:51 Loom
20:36 Bow Saw
27:05 Imperial Age
26:10 Iron Casting
26:52 Wheelbarrow
28:41 Husbandry
29:41 Scale Barding Armor
31:14 Cavalier
35:38 Chain Mail Armor
36:28 Blast Furnace
Agapito di Sousa
10:25 Loom
12:33 Feudal Age
14:29 Fletching
15:34 Wheelbarrow
15:49 Double-Bit Axe
16:50 Town Watch
20:27 Castle Age
22:48 Medium Warships
23:43 Bodkin Arrow
24:10 Bow Saw
25:21 Ballistics
26:57 Horse Collar
33:24 Imperial Age
32:47 Fortified Wall
33:06 Padded Archer Armor
33:08 Crossbowman
35:11 Chemistry
34:15 Bracer
34:31 Leather Archer Armor
33:39 Arbalester
35:39 Two-Man Saw
36:31 Ring Archer Armor
37:04 Clinker Construction
37:37 Siege Engineers
38:26 Hand Cart
38:11 Gold Mining
38:12 Stone Mining
Connection lost

Rejoining the realm…

Still unreachable

The connection could not be restored.

Session expired

The server has moved on; the page needs a fresh start.